 Dungeon Crawl Stone Soup version 0.19.1-1-g22dce08 (webtiles) character file.

51200 M4edhros the Covert (level 14, -22/97 HPs)
             Began as an Octopode Artificer on Jan 4, 2017.
             Was the Champion of Cheibriados.
             Annihilated by Rupert
             ... wielding a +3 great mace of draining
              (27 damage)
             ... while paralysed by Rupert
             ... on level 2 of the Orcish Mines on Jan 5, 2017.
             The game lasted 00:56:42 (10283 turns).

M4edhros the Covert (Octopode Artificer)           Turns: 10283, Time: 00:56:43

Health: -22/97     AC:  4    Str: 31    XL:     14   Next: 58%
Magic:  20/20      EV:  2    Int: 34    God:    Cheibriados [******]
Gold:   801        SH:  0    Dex: 38    Spells: 0 memorised, 13 levels left

rFire  . . .     SeeInvis .     o - +6 hunting sling (venom)
rCold  + . .     Gourm    .     M - +0 shield of the Furies {Regen+}
rNeg   + . .     Faith    .     s - +0 hat {Int+3}
rPois  +         Spirit   .     e - amulet of regeneration
rElec  .         Reflect  .     i - +3 ring of strength
rCorr  .         Harm     .     m - +3 ring of protection
MR     +....                    (no ring)
Stlth  ++++++++..               E - ring of positive energy
                                p - ring of flight
                                Q - +4 ring of dexterity
                                (no ring)
                                (no ring)

@: paralysed, drained, very slow
A: almost no armour, stealthy swim, amphibious, 8 rings, constrict 8, camouflage
1, agile 1, clever 1, cold resistance 1, poison resistance, strong 1, gelatinous
body 1
a: Bend Time, Temporal Distortion, Slouch, Step From Time, Renounce Religion,
Evoke Flight


You were on level 2 of the Orcish Mines.
You worshipped Cheibriados.
Cheibriados was exalted by your worship.
You were not hungry.

You visited 4 branches of the dungeon, and saw 22 of its levels.
You also visited: Bailey.

You collected 1477 gold pieces.
You spent 676 gold pieces at shops.

Inventory:

Hand Weapons
 o - a +6 hunting sling of venom (weapon)
 W - a +0 rapier of protection
Missiles
 h - 6 poisoned javelins
 r - 106 sling bullets (quivered)
 y - 2 throwing nets
 K - 297 stones
Armour
 s - a +0 hat of intelligence (worn)
 M - the +0 shield of the Furies (worn) {Regen+}
   (You acquired it on level 11 of the Dungeon)

   It increases your rate of regeneration.
Rods
 H - a +6 rod of inaccuracy (15/15)
   (You found it on level 2 of the Lair of Beasts)
Jewellery
 e - an amulet of regeneration (around mantle)
 i - a +3 ring of strength (left tentacle)
 m - a +3 ring of protection (right tentacle)
 p - a ring of flight (on tentacle)
 E - a ring of positive energy (on tentacle)
 Q - a +4 ring of dexterity (on tentacle)
 U - an uncursed ring of ice
Wands
 b - a wand of flame (10/48)
 c - a wand of enslavement (4/24)
 d - a wand of slowing (39/48)
 g - a wand of slowing (30/48)
 k - a wand of flame (8/48)
 l - a wand of teleportation (4/9)
 q - a wand of disintegration (15/24)
 w - a wand of confusion (29/48)
 B - a wand of confusion (0/48)
 J - a wand of lightning (6/15)
 O - a wand of flame (17/48)
 S - a wand of acid (0/15)
 T - a wand of acid (5/15)
Scrolls
 a - 2 scrolls of magic mapping {unknown}
 C - a scroll of blinking
 G - 3 scrolls of enchant armour
 I - 3 scrolls of teleportation
 N - 2 scrolls of fog
 P - 3 scrolls of remove curse
 Y - 4 scrolls of noise
 Z - 2 scrolls of amnesia
Potions
 n - 3 potions of curing
 v - 4 potions of magic
 A - a potion of lignification
 D - 3 potions of brilliance
 F - 2 potions of resistance
 L - a potion of flight
 R - a potion of agility
 V - a potion of invisibility
Books
 x - the Compendium of the Entrancing Mountains
   (You found it in a bailey)

   Spells                             Type                      Level
   a - Corona                         Hexes                        1
   b - Slow                           Hexes                        2
   c - Inner Flame                    Hexes/Fire                   3
   d - Gell's Gravitas                Hexes/Translocation          3
   e - Bolt of Magma                  Conjuration/Fire/Earth       5
Miscellaneous
 j - a phantom mirror
Comestibles
 f - 10 bread rations
 t - 3 slices of pizza
 u - 12 meat rations
 z - 9 beef jerkies
 X - a royal jelly


   Skills:
 + Level 9.3(8.4) Fighting
 - Level 1.0(0.2) Short Blades
 - Level 7.5(6.6) Slings
 + Level 10.3(9.4) Dodging
 * Level 14.6(13.6) Stealth
 + Level 8.9(8.0) Shields
 - Level 11.1(10.1) Unarmed Combat
 - Level 5.8(5.0) Invocations
 + Level 8.9(8.0) Evocations


You had 13 spell levels left.
You didn't know any spells.

Dungeon Overview and Level Annotations

Branches:
Dungeon (13/15)            Temple (1/1) D:7            Lair (6/6) D:10
 Shoals (0/4) Lair:4       Spider (0/4) Lair:2        Slime (0/5) Lair:5
    Orc (2/2) D:12
    Elf: Orc:2       Vaults: D:13-14

Altars:
Ashenzari
Cheibriados
Dithmenos
Elyvilon
Gozag
Hepliaklqana
Nemelex Xobeh
Okawaru
Qazlal
Trog
Uskayaw
Jiyva

Shops:
D:6 *   D:7 %   D:11 *

Annotations:
Orc:2 Rupert


Innate Abilities, Weirdness & Mutations

You cannot wear most types of armour.
You are very stealthy in the water. (Stealth+)
You are amphibious.
You can wear up to eight rings at the same time.
You can use your tentacles to constrict eight enemies at once.
Your skin changes colour to match your surroundings (Stealth+).
Your rubbery body absorbs attacks. (AC +1, EV +1)
You are agile. (Dex +2)
Your mind is acute. (Int +2)
Your flesh is cold resistant. (rC+)
Your system is resistant to poisons. (rPois)
Your muscles are strong. (Str +2)


Message History

The acid corrodes Rupert!
Rupert is heavily wounded.
Evoking this partially-identified wand wasted a few charges.
Rupert yells loudly at you.
You suddenly lose the ability to move!
Rupert roars madly and goes into a rage!
Rupert goes berserk!
Rupert hits you with a great mace of draining!!
You partially resist.
You feel drained.
Rupert is no longer covered in acid.
Rupert hits you with a great mace of draining!!
* * * LOW HITPOINT WARNING * * *
You partially resist.
You feel drained.
* * * LOW HITPOINT WARNING * * *
Rupert hits you with a great mace of draining!
* * * LOW HITPOINT WARNING * * *
You partially resist.
You feel drained.
* * * LOW HITPOINT WARNING * * *
Rupert hits you with a great mace of draining!!
You die...

## ......#..... ##.
.....#......#. #...
.............$...
.......
##.^..................
.......
#....##...............
.......
#.....................
.......
#............##...(..<
.......
#.....<......#.((....
.......
#....#.......@@.......
....... ...
##...........#..
....... #
........###.....$..
.$..... #........#
#........ .......
#......... .........
...#...
##.#................
.......
###...#.......#....
.......
##.###...........
....... ## .........##
.......


You could see Rupert (berserk).

Vanquished Creatures
  Nessos (Lair:6)
  6 hydras
  A centaur warrior (D:13)
  The ghost of Jannitor the Martial Artist, a novice DsMo of Uskayaw (Bailey)
  A death yak (Lair:3)
  The ghost of M4edhros the Grappler, a novice TrBe of Trog (Bailey)
  An orc high priest (Orc:1)
  2 slime creatures (D:12)
  2 unseen horrors
  Pikel (D:5)
  3 wolf spiders
  An orc knight (Bailey)
  2 orc sorcerers (Orc:1)
  A manticore (D:13)
  A cyclops (Orc:1)
  A deep elf mage (D:12)
  An ugly thing (D:11)
  4 elephants (Lair:4)
  8 black mambas
  A torpor snail (Lair:3)
  A guardian serpent (Lair:6)
  A gargoyle (D:10)
  12 spiny frogs
  A rime drake (Lair:6)
  4 kobold demonologists
  6 komodo dragons
  3 trolls
  A queen bee (shapeshifter) (D:11)
  4 polar bears
  6 hornets
  A jumping spider (Lair:2)
  7 blink frogs
  8 hippogriffs
  2 redbacks
  A water elemental (D:12)
  33 yaks
  5 wyverns (Lair:6)
  3 basilisks
  3 wargs (Orc:1)
  16 water moccasins
  22 orc warriors
  3 porcupines
  A phantom (D:8)
  2 ice beasts
  A sky beast (D:5)
  7 black bears
  2 necrophages
  7 centaurs
  8 ogres
  11 wolves
  4 boggarts (D:10)
  7 crocodiles
  16 bullfrogs
  2 big kobolds
  A gnoll sergeant (D:11)
  A wyvern skeleton (D:7)
  3 scorpions
  15 killer bees
  7 wights
  5 electric eels
  3 howler monkeys
  2 crimson imps
  3 centaur zombies
  4 hounds
  10 orc priests
  4 jellies
  2 centaur skeletons
  A bullfrog skeleton (D:12)
  4 iguanas
  8 worker ants
  19 orc wizards
  A killer bee zombie (D:6)
  A hound zombie (D:9)
  A hound skeleton (D:9)
  A worker ant zombie (D:11)
  7 gnolls
  14 adders
  4 river rats
  4 shadow imps
  An ooze (D:7)
  An adder zombie (D:8)
  2 adder skeletons (D:4)
  A worm (D:6)
  A dart slug (D:3)
  5 leopard geckos
  64 orcs
  2 ball pythons (D:6)
  4 giant cockroaches
  16 goblins
  12 hobgoblins
  4 jackals (D:3)
  3 quokkas
  5 bats
  5 frilled lizards (D:1)
  A giant cockroach zombie (D:6)
  6 kobolds
  5 rats
  A fungus (Lair:5)
515 creatures vanquished.

Vanquished Creatures (collateral kills)
  A hydra (Lair:2)
  A black mamba (Lair:6)
  A centaur (D:5)
  A killer bee (D:7)
  An orc (D:4)
5 creatures vanquished.

Vanquished Creatures (others)
  A slave (D:5)
  A hound (D:5)
  An orc wizard (D:5)
  An orc priest (D:5)
  2 worms (D:5)
  An orc (D:5)
  A bush (Lair:6)
  9 fungi
  7 plants
24 creatures vanquished.

Grand Total: 544 creatures vanquished

Notes
Turn   | Place    | Note
-------+----------+-------------------------------------------
     0 | D:1      | M4edhros the Octopode Artificer began the quest for the Orb.
     0 | D:1      | Reached XP level 1. HP: 13/13 MP: 3/3
    25 | D:2      | Found a faded altar of an unknown god.
    34 | D:2      | Reached skill level 2 in Stealth
   102 | D:2      | Reached XP level 2. HP: 18/18 MP: 4/4
   227 | D:3      | Reached skill level 3 in Stealth
   240 | D:3      | Reached XP level 3. HP: 22/23 MP: 5/5
   668 | D:4      | Reached skill level 4 in Stealth
   668 | D:4      | Reached XP level 4. HP: 28/28 MP: 6/6
   807 | D:4      | Reached skill level 5 in Stealth
   807 | D:4      | Reached XP level 5. HP: 33/33 MP: 8/8
   839 | D:4      | Found a hazy altar of Hepliaklqana.
   907 | D:5      | Entered Level 5 of the Dungeon
   907 | D:5      | Noticed a sky beast
   945 | D:5      | Killed a sky beast
   973 | D:5      | Reached skill level 6 in Stealth
   973 | D:5      | Reached XP level 6. HP: 38/38 MP: 9/9
  1051 | D:5      | Noticed a slave
  1051 | D:5      | Noticed a slave
  1080 | D:5      | Found a shadowy altar of Dithmenos.
  1082 | D:5      | Noticed Pikel
  1082 | D:5      | Noticed a slave
  1082 | D:5      | Noticed a slave
  1084 | D:5      | Found a shattered altar of Ashenzari.
  1098 | D:5      | Killed Pikel
  1098 | D:5      | Reached skill level 5 in Evocations
  1130 | D:5      | Reached skill level 7 in Stealth
  1130 | D:5      | Reached XP level 7. HP: 38/43 MP: 10/10
  1247 | D:6      | Found Dedemaem's Serpentskin Sales.
  1263 | D:6      | Reached skill level 8 in Stealth
  1274 | D:6      | Reached XP level 8. HP: 36/51 MP: 12/12
  1425 | D:6      | Reached skill level 5 in Dodging
  1461 | D:6      | Reached skill level 9 in Stealth
  1596 | D:7      | Noticed a hippogriff
  1605 | D:7      | Killed a hippogriff
  1605 | D:7      | Reached skill level 10 in Stealth
  1756 | D:6      | Reached XP level 9. HP: 42/57 MP: 13/13
  1988 | D:7      | Reached skill level 1 in Unarmed Combat
  2003 | D:7      | Found a staircase to the Ecumenical Temple.
  2007 | D:7      | Found Eheniudd's Food Boutique.
  2025 | Temple   | Entered the Ecumenical Temple
  2043 | Temple   | Became a worshipper of Cheibriados the Contemplative
  2053 | Temple   | 2k chei!
  2053 | Temple   | goood!
  2482 | D:1      | Reached skill level 1 in Shields
  2627 | D:1      | You fall through a shaft!
  2721 | D:3      | Reached * piety under Cheibriados
  3080 | D:7      | Reached skill level 1 in Slings
  3751 | D:9      | Killed an unseen horror
  3751 | D:9      | Reached XP level 10. HP: 41/65 MP: 14/14
  3851 | D:9      | Reached ** piety under Cheibriados
  3995 | D:9      | Reached skill level 5 in Fighting
  4009 | D:9      | Reached skill level 5 in Unarmed Combat
  4074 | D:10     | Entered Level 10 of the Dungeon
  4074 | D:10     | Found a staircase to the Lair.
  4206 | D:10     | Noticed a gargoyle
  4221 | D:10     | Killed a gargoyle
  4267 | D:10     | Killed an unseen horror
  4496 | D:10     | Reached *** piety under Cheibriados
  4508 | D:10     | Reached XP level 11. HP: 37/72 MP: 15/15
  4590 | D:11     | Found Iketips's General Store.
  4688 | D:11     | Reached skill level 1 in Invocations
  4689 | D:11     | Reached skill level 5 in Shields
  4746 | D:11     | Noticed a green ugly thing
  4755 | D:11     | Killed a green ugly thing
  4760 | D:11     | Gained mutation: Your mind is acute. (Int +2) [mutagenic meat]
  4761 | D:11     | Gained mutation: Your flesh is cold resistant. (rC+) [mutagenic meat]
  4762 | D:11     | Gained mutation: Your system is resistant to poisons. (rPois) [mutagenic meat]
  4838 | D:11     | Gained mutation: Your spells are a little easier to cast, but a little less powerful. [mutagenic meat]
  4839 | D:11     | Gained mutation: You are agile. (Dex +2) [mutagenic meat]
  4840 | D:11     | Lost mutation: Your spells are a little easier to cast, but a little less powerful. [mutagenic meat]
  4841 | D:11     | Gained mutation: Your muscles are strong. (Str +2) [mutagenic meat]
  4885 | D:11     | Reached skill level 5 in Slings
  5013 | D:12     | Noticed a deep elf mage
  5019 | D:12     | Killed a deep elf mage
  5090 | D:12     | Reached **** piety under Cheibriados
  5363 | D:12     | Found a staircase to the Orcish Mines.
  5790 | D:13     | Noticed a manticore
  5812 | D:13     | Killed a manticore
  5839 | D:13     | Reached skill level 5 in Invocations
  5873 | D:13     | Noticed a centaur warrior
  5886 | D:13     | Killed a centaur warrior
  5886 | D:13     | Reached XP level 12. HP: 21/80 MP: 16/16
  6113 | Lair:1   | Entered Level 1 of the Lair of Beasts
  6179 | Lair:1   | Reached ***** piety under Cheibriados
  6283 | Lair:2   | Noticed a six-headed hydra
  6500 | Lair:2   | Lost mutation: Your flesh is cold resistant. (rC+) [potion of mutation]
  6518 | Lair:2   | Got a scorched wooden ring
  6519 | Lair:2   | Identified the cursed ring of Paytiwny {+Fly AC-2 Dex+2 Stlth-} (You found it on level 2 of the Lair of Beasts)
  6539 | Lair:2   | Noticed a four-headed hydra
  6567 | Lair:2   | Killed a six-headed hydra
  6590 | Lair:2   | Killed a four-headed hydra
  6718 | Lair:2   | Identified a +4 rod of inaccuracy (13/13) (You found it on level 2 of the Lair of Beasts)
  6719 | Lair:2   | wow! rod of inaccuracy!
  6820 | Lair:2   | Noticed a six-headed hydra
  7032 | D:11     | Bought a scroll of acquirement for 676 gold pieces
  7033 | D:11     | Got a dazzling shield
  7045 | D:11     | Identified the +0 shield of the Furies {Regen+} (You acquired it on level 11 of the Dungeon)
  7045 | D:11     | shield of regen! nice
  7238 | Lair:3   | Noticed a death yak
  7246 | Lair:3   | Killed a death yak
  7252 | Lair:3   | Reached skill level 11 in Stealth
  7410 | Lair:3   | Reached skill level 10 in Unarmed Combat
  7443 | Lair:3   | Reached XP level 13. HP: 87/87 MP: 18/18
  7571 | Lair:4   | Reached ****** piety under Cheibriados
  7579 | Lair:4   | Got an encrusted buckler
  7590 | Lair:4   | Identified the -5 buckler "Kotoyhof" {rPois} (You acquired it on level 4 of the Lair of Beasts)
  7877 | Lair:4   | Reached skill level 12 in Stealth
  8255 | Lair:5   | Found a staircase to the Slime Pits.
  8256 | Lair:5   | Found a viscous altar of Jiyva.
  8284 | Lair:6   | Entered Level 6 of the Lair of Beasts
  8666 | Lair:6   | Reached skill level 13 in Stealth
  8698 | Lair:6   | Gained mutation: Your flesh is cold resistant. (rC+) [potion of beneficial mutation]
  8719 | Lair:6   | Noticed Nessos
  8742 | Lair:6   | Killed Nessos
  8742 | Lair:6   | Reached XP level 14. HP: 95/95 MP: 18/20
  8833 | Lair:6   | Reached skill level 10 in Dodging
  9026 | Lair:4   | Found a staircase to the Shoals.
  9350 | Lair:2   | Found a hole to the Spider Nest.
  9542 | D:12     | Reached skill level 14 in Stealth
  9575 | Orc:1    | Entered Level 1 of the Orcish Mines
  9582 | Orc:1    | Paralysed by an orc sorcerer for 2 turns
  9813 | Orc:1    | Found a flagged portal.
  9825 | Bailey   | Entered a bailey
  9825 | Bailey   | Noticed M4edhros's ghost (novice TrBe)
  9830 | Bailey   | Noticed Jannitor's ghost (novice DsMo)
  9835 | Bailey   | Killed M4edhros's ghost
  9851 | Bailey   | Killed Jannitor's ghost
  9941 | Bailey   | Found an iron altar of Okawaru.
 10111 | Bailey   | Identified the Compendium of the Entrancing Mountains
 10209 | Orc:2    | Entered Level 2 of the Orcish Mines
 10209 | Orc:2    | Noticed Rupert
 10278 | Orc:2    | Paralysed by Rupert for 6 turns
 10283 | Orc:2    | Annihilated by Rupert

Skill      XL: |  1  2  3  4  5  6  7  8  9 10 11 12 13 14 |
---------------+-------------------------------------------+-----
Stealth        | 2 3 4 5 6 7 8 10 11 13 14 | 14.6
Dodging        | 3 4 5 6 7 8 9 10 | 10.3
Evocations     | 4 5 6 7 8 |  8.9
Fighting       | 2 3 4 5 6 7 8 9 |  9.3
Unarmed Combat | 4 7 8 10 11 | 11.1
Shields        | 3 4 6 7 8 |  8.9
Slings         | 3 4 5 6 7 |  7.5
Invocations    | 5 |  5.8
Short Blades   | |  1.0

Action                   |  1- 3 |  4- 6 |  7- 9 | 10-12 | 13-15 || total
-------------------------+-------+-------+-------+-------+-------++-------
Melee: Short sword       |    51 |    49 |    45 |       |       ||   145
       Constrict         |    20 |     9 |    52 |    81 |   111 ||   273
       Tentacles         |    10 |     9 |    78 |   233 |   181 ||   511
       Dagger            |       |       |   134 |       |       ||   134
       Unarmed           |       |       |   145 |   550 |   418 ||  1113
       Punch             |       |       |     6 |    86 |    80 ||   172
 Fire: Hunting sling     |       |       |       |    29 |    53 ||    82
Invok: Slouch            |       |       |       |     1 |     2 ||     3
Evoke: Wand              |     3 |    11 |    11 |    50 |    14 ||    89
       Rod               |       |       |       |     6 |     7 ||    13
  Use: Scroll            |       |     6 |     3 |    17 |    14 ||    40
       Potion            |       |       |     3 |     9 |     2 ||    14
 Stab: Sleeping          |     3 |     2 |    21 |    16 |    23 ||    65
       Paralysed         |       |       |       |    19 |       ||    19
       Distracted        |       |       |       |     4 |     3 ||     7
       Confused          |       |       |       |     1 |     8 ||     9
       Betrayed ally     |       |       |       |       |     1 ||     1
  Eat: Chunk             |       |     1 |     7 |    16 |     7 ||    31
Armor: Skin              |     8 |     8 |    23 |    44 |    15 ||    98
Dodge: Dodged            |    48 |    35 |   191 |   397 |   346 ||  1017
Block: Buckler           |       |       |    44 |   257 |       ||   301
       Shield            |       |       |       |    37 |   389 ||   426
